 Dungeon Crawl Stone Soup version 0.28-a0-612-gcfc00ec14d (webtiles) character file.

Game seed: 15612463325806206503

4463 kae the Grappler (level 10, 0/105 HPs)
             Began as a Red Draconian Transmuter on Oct 5, 2021.
             Was an Initiate of Ru.
             Slain by a meliai (6 damage)
             ... on level 8 of the Dungeon.
             The game lasted 00:11:04 (10911 turns).

kae the Grappler (Red Draconian Transmuter)        Turns: 10911, Time: 00:11:04

Health: 0/105      AC:  7    Str: 13    XL:     10   Next: 15%
Magic:  10/13      EV: 25    Int: 17    God:    Ru [......]
Gold:   179        SH:  0    Dex: 11    Spells: 0/13 levels left

rFire   x . .      SeeInvis .     - Unarmed
rCold   + + +      Faith    .   (shield currently unavailable)
rNeg    . . .      Spirit   .   (armour unavailable)
rPois   +          Reflect  .   (helmet currently unavailable)
rElec   .          Harm     .   (cloak currently unavailable)
rCorr   .          Rampage  .   (gloves currently unavailable)
Will    .....                   (boots currently unavailable)
Stlth   +.........              n - amulet of the acrobat
HPRegen 0.27/turn               (no ring)
MPRegen 0.13/turn               (no ring)

@: lethally poisoned (0 -> -5), about to teleport, ice-form, acrobatic
A: freezing attack, amphibious, boosted hp, (breathe fire), AC +7, large,
unfitting armour, (fire resistance 1), (cold-blooded)
a: End Transformation, Renounce Religion


You were on level 8 of the Dungeon.
You worshipped Ru.
Ru was noncommittal.
You were a creature of crystalline ice.
You visited 2 branches of the dungeon, and saw 9 of its levels.

You collected 535 gold pieces.
You spent 356 gold pieces at shops.

Inventory:

Missiles
 l - 5 throwing nets
Armour
 g - a +2 cloak (melded)
 s - a +0 pair of boots (melded)
Jewellery
 n - an amulet of the acrobat (around neck)
Wands
 d - a wand of flame (30)
 q - a wand of digging (1)
 t - a wand of mindburst (29)
 v - a wand of iceblast (5)
Scrolls
 c - 2 scrolls of enchant armour
 f - 2 scrolls of fear
 p - a scroll of enchant weapon
 r - a scroll of blinking
 w - 3 scrolls of teleportation
Potions
 a - 5 potions of curing
 b - a potion of lignification
 e - a potion of invisibility
 h - 5 potions of heal wounds
 i - a potion of degeneration
 j - 3 potions of magic
 k - 2 potions of brilliance
 m - a potion of berserk rage
 o - a potion of flight {unknown}
 u - a potion of might {unknown}
 x - a potion of attraction {unknown}


   Skills:
 + Level 7.7 Fighting
 - Level 1.7 Dodging
 * Level 10.0 Unarmed Combat
 + Level 2.0 Spellcasting
 + Level 7.0 Transmutations
 - Level 4.0 Ice Magic
 - Level 3.0 Poison Magic


You couldn't memorise any spells.
You knew the following spells:

 Your Spells              Type           Power      Damage    Failure   Level
a - Beastly Appendage     Tmut           50%        N/A       1%          1
b - Spider Form           Tmut/Pois      9%         N/A       8%          3
c - Ice Form              Ice/Tmut       20%        N/A       21%         4
d - Blade Hands           Tmut           12%        N/A       30%         5

Your spell library contained the following spells:

 Spells                   Type           Power      Damage    Failure   Level
 Wereblood                Tmut           25%        N/A       1%          2
 Sting                    Tmut/Pois      72%        1d6       2%          1
 Passwall                 Tmut/Erth      10%        N/A       7%          2
 Ensorcelled Hibernation  Hex/Ice        16%        N/A       13%         2
 Foxfire                  Conj/Fire      4%         2x1d4     19%         1
 Sandblast                Erth           2%         2d4       19%         1
 Conjure Flame            Conj/Fire      1%         6-21      50%         3
 Gell's Gravitas          Tloc           0%         N/A       50%         3
 Inner Flame              Hex/Fire       1%         N/A       50%         3
 Lesser Beckoning         Tloc           1%         N/A       50%         3
 Stone Arrow              Conj/Erth      2%         3d7       50%         3
 Teleport Other           Tloc           1%         N/A       50%         3
 Cause Fear               Hex            0%         N/A       88%         4
 Flame Wave               Conj/Fire      1%         3d3       88%         4
 Summon Forest            Summ/Tloc      0%         N/A       99%         5
 Dispersal                Tloc           0%         N/A       100%        6
 Dragon Form              Tmut           12%        N/A       100%        7
 Dragon's Call            Summ           0%         N/A       100%        9


Dungeon Overview and Level Annotations

Branches:
Dungeon (8/15)             Temple (1/1) D:6
   Lair: D:8-11

Altars:
Ashenzari
Dithmenos
Elyvilon
Fedhas
Gozag
Kikubaaqudgha
Makhleb
Nemelex Xobeh
Okawaru
Qazlal
Ru
Sif Muna
Trog
Uskayaw
Vehumet
Wu Jian
Xom
Yredelemnul
Zin
The Shining One

Shops:
D:1 [:!!   D:4 *   D:5 ?   D:6 *


Innate Abilities, Weirdness & Mutations

You are a creature of crystalline ice.
You have a powerful freezing melee attack.
You are amphibious.
Your maximum health is increased.
Your armour is entirely melded.
You are incapable of wielding weapons or throwing items.
((You can breathe blasts of fire.))
((Your fiery red scales are hard. (AC +7)))
You cannot fit into any form of body armour.
((Your flesh is heat resistant. (rF+)))
((You are cold-blooded and may be slowed by cold attacks.))


Message History

Your +2 cloak melds into your body.
Your +0 pair of boots melds into your body.
The meliai hits you with a +0 hand axe! The meliai closely misses you.
You closely miss the meliai. The meliai closely misses you.
The meliai barely misses you.
You closely miss the meliai. The meliai hits you with a +0 hand axe!
The meliai closely misses you. The meliai hits you with a +0 hand axe.
The meliai stings you! The bullfrog closely misses you.
There are monsters nearby!
You pummel the bullfrog!!
The bullfrog seems to slow down.
You freeze the bullfrog!
You kill the bullfrog!
The meliai invokes the aid of its god against you.
Something smites you! The meliai hits you with a +0 hand axe!
The meliai stings you.
You are poisoned.
The meliai poisons you!
You are too injured to fight recklessly!
There are monsters nearby!
You are too injured to fight recklessly!
You are too injured to fight recklessly!
You are too injured to fight recklessly!
You are too injured to fight recklessly!
You are too injured to fight recklessly!
You are too injured to fight recklessly!
As you read the scroll of teleportation, it crumbles to dust.
You feel strangely unstable.
You feel very sick. The meliai hits you with a +0 hand axe!
The meliai stings you!
* * * LOW HITPOINT WARNING * * *
The meliai hits you with a +0 hand axe!
* * * LOW HITPOINT WARNING * * *
The meliai stings you but does no damage.
You feel very sick. The meliai hits you with a +0 hand axe!
* * * LOW HITPOINT WARNING * * *
The meliai completely misses you.
* * * LOW HITPOINT WARNING * * *
You feel sick. The meliai hits you but does no damage. The meliai stings you.
You die...

##..........#
#....
##..###...##.#
#..... ##.###
##..#### #.....
#.## ##...##
#...... ###
#.....#######.....
#....(..........
##..#...........
#...##..........
#......Y....##..
#.......y...##
.........o...#
#......###..##
.#).. .....
#..♣..#..♣. #..
♣♣...♣♣.. ...
♣♣.♣♣ .. ♣. ♣♣.


You could see a meliai and an orc wizard.

Vanquished Creatures
  Pikel (D:7)
  Psyche (D:8)
  A hornet (D:7)
  A steam dragon (D:7)
  2 water moccasins
  Duvessa (D:7)
  4 orc warriors
  A sky beast (D:7)
  2 black bears (D:5)
  A hornet zombie (D:7)
  A necrophage (D:4)
  4 ogres (D:7)
  2 centaurs (D:7)
  A lemure (D:7)
  A bullfrog (D:8)
  5 kobold brigands (D:7)
  5 scorpions
  Dowan (D:7)
  3 wights (D:6)
  A howler monkey (D:8)
  3 hounds
  5 orc priests
  2 gnoll shamans (D:7)
  A jelly (D:7)
  A centaur skeleton (D:7)
  An iguana (D:5)
  A bullfrog skeleton (D:5)
  Ijyb (D:5)
  5 orc wizards
  A killer bee zombie (D:7)
  2 hound skeletons (D:5)
  A howler monkey zombie (D:7)
  A howler monkey skeleton (D:5)
  4 adders
  9 gnolls (D:7)
  2 shadow imps
  A white imp (D:7)
  2 ufetubi (D:4)
  An adder skeleton (D:4)
  A worm (D:5)
  A dart slug (D:5)
  24 orcs
  6 ball pythons
  5 endoplasms
  2 giant cockroaches
  7 goblins
  8 hobgoblins
  2 jackals (D:3)
  7 kobolds
  4 quokkas
  2 bats (D:3)
  2 frilled lizards
  8 rats
162 creatures vanquished.

Vanquished Creatures (others)
  5 fungi (D:7)
  15 plants
20 creatures vanquished.

Grand Total: 182 creatures vanquished

Notes
Turn   | Place    | Note
-------+----------+-------------------------------------------
     0 | D:1      | kae the Draconian Transmuter began the quest for the Orb.
     0 | D:1      | Reached XP level 1. HP: 16/16 MP: 3/3
   106 | D:1      | Found Quileer's Book Boutique.
   140 | D:1      | Found a faded altar of an unknown god.
   203 | D:1      | Reached XP level 2. HP: 15/23 MP: 3/5
   749 | D:1      | Found Rafany's Distillery.
   930 | D:1      | Found Ykenauj's Distillery.
   940 | D:1      | Bought a potion of heal wounds for 60 gold pieces
   940 | D:1      | Bought a potion of degeneration for 12 gold pieces
  1206 | D:1      | Reached XP level 3. HP: 28/29 MP: 4/6
  1231 | D:1      | Found Qomurgho's Armour Shop.
  1285 | D:2      | Learned a level 3 spell: Spider Form
  1586 | D:2      | You fall into a shaft and drop 2 floors!
  1840 | D:4      | Reached skill level 4 in Unarmed Combat
  1840 | D:4      | Reached skill level 1 in Poison Magic
  1927 | D:3      | Reached XP level 4. HP: 36/36 MP: 3/7
  2041 | D:3      | Got the Guide on the Mutagenic Snowflakes
  2058 | D:3      | Got Wockexy's Papyrus of Displacement
  2175 | D:3      | Found a blossoming altar of Fedhas.
  2580 | D:3      | Reached XP level 5. HP: 33/42 MP: 4/8
  2830 | D:4      | Noticed a necrophage
  2851 | D:4      | Killed a necrophage
  2852 | D:4      | Reached XP level 6. HP: 13/49 MP: 2/9
  3168 | D:4      | Found Ucialauc's Gadget Gallery.
  3203 | D:4      | Reached skill level 5 in Unarmed Combat
  3221 | D:4      | Learned a level 4 spell: Ice Form
  3754 | D:4      | Reached skill level 1 in Ice Magic
  3877 | D:5      | Entered Level 5 of the Dungeon
  3894 | D:5      | Your scales start taking on a fiery red colour.
  3894 | D:5      | Reached XP level 7. HP: 56/57 MP: 7/10
  3894 | D:5      | Gained mutation: Your flesh is heat resistant. (rF+) [Red
                  | Draconian growth]
  4246 | D:5      | Noticed Ijyb
  4401 | D:5      | Found Edut's Magic Scroll Shoppe.
  4497 | D:5      | Killed Ijyb
  4517 | D:5      | Bought a scroll of blinking for 112 gold pieces
  4517 | D:5      | Bought a scroll of identify for 30 gold pieces
  4517 | D:5      | Bought a scroll of identify for 30 gold pieces
  4517 | D:5      | Bought a scroll of fear for 52 gold pieces
  4741 | D:5      | Found a bloodstained altar of Trog.
  4751 | D:5      | Reached skill level 6 in Unarmed Combat
  5023 | D:6      | Reached XP level 8. HP: 66/66 MP: 6/11
  5715 | D:6      | Found Plog's Assorted Antiques.
  5723 | D:6      | Bought a fuming emerald potion for 28 gold pieces
  5723 | D:6      | Bought a scroll labelled AJUMON MYGHYNN for 32 gold pieces
  5780 | D:6      | Found a staircase to the Ecumenical Temple.
  6374 | Temple   | Entered the Ecumenical Temple
  6636 | Temple   | Became a worshipper of Ru the Awakened
  6701 | D:7      | Noticed Pikel
  6717 | D:7      | Killed Pikel
  6718 | D:7      | Reached skill level 5 in Fighting
  6718 | D:7      | Reached skill level 7 in Unarmed Combat
  6718 | D:7      | Reached skill level 5 in Transmutations
  6718 | D:7      | Noticed a hornet
  6958 | D:7      | Killed a hornet
  6959 | D:7      | Reached XP level 9. HP: 75/75 MP: 4/12
  7453 | D:7      | Reached skill level 8 in Unarmed Combat
  8294 | D:7      | Noticed Dowan
  8294 | D:7      | Noticed Duvessa
  8311 | D:7      | Killed Duvessa
  8316 | D:7      | Killed Dowan
  8673 | D:7      | Reached skill level 9 in Unarmed Combat
  9911 | D:7      | Reached XP level 10. HP: 65/86 MP: 10/13
 10182 | D:8      | Noticed Psyche
 10191 | D:8      | Killed Psyche
 10356 | D:8      | Reached skill level 10 in Unarmed Combat
 10637 | D:8      | Learned a level 5 spell: Blade Hands
 10911 | D:8      | Slain by a meliai

Illustrated notes

Levels and vault maps discovered:
D:1:      dpeg_arrival_rhombi, layout_basic, serial_shops,
          nicolae_shop_statue_plus, shop, shop_statue, shop_statue,
          shapermc_ecumenical_altar_venn, minmay_misc_feat_tiny,
          minmay_pentomino_s2
D:2:      layout_rooms, minmay_ruptured
D:3:      layout_basic, fedhas_ov_isle_minmay
D:4:      layout_loops_ring, nicolae_shop_gadgets
D:5:      layout_basic, trog_ov_bears_minmay, serial_shops,
          nicolae_inconvenience_store, minmay_misc_feat_diagonals, uniq_ijyb
D:6:      layout_basic, minmay_temple_entry_enclosed_plants, serial_shops, shop
D:7:      kennysheep_seaside_town, layout_loops_cross, grunt_decor_resistance,
          grunt_decor_clamped, uniq_duvessa, uniq_pikel
D:8:      layout_layer_cave, worldfamousw_hep_ancestral_shrine, kb_rosetta,
          uniq_psyche
Temple:   dpeg_five_rooms_temple

Skill      XL: |  1  2  3  4  5  6  7  8  9 10 |
---------------+-------------------------------+-----
Fighting       | 2 3 4 5 7 |  7.7
Unarmed Combat | 4 5 6 7 9 10 | 10.0
Poison Magic   | 1 2 3 |  3.0
Transmutations | 3 4 5 6 7 |  7.0
Ice Magic      | 1 2 4 |  4.0
Dodging        | |  1.7
Spellcasting   | |  2.0

Action                   |  1- 3 |  4- 6 |  7- 9 | 10-12 || total
-------------------------+-------+-------+-------+-------++-------
Melee: Unarmed           |   116 |   100 |   260 |    33 ||   509
       Kick              |    10 |     4 |     1 |       ||    15
       Headbutt          |    13 |     4 |       |       ||    17
       Punch             |     1 |       |     1 |       ||     2
       Tailslap          |    11 |     3 |    12 |     1 ||    27
 Cast: Beastly Appendage |    27 |     9 |     1 |       ||    37
       Spider Form       |     1 |     9 |    15 |       ||    25
       Ice Form          |       |       |    20 |     3 ||    23
Invok: Reject Sacrifices |       |       |       |     1 ||     1
 Abil: Breathe Fire      |       |       |    12 |       ||    12
       End Transformatio |       |       |     1 |       ||     1
Evoke: Wand              |       |       |     1 |       ||     1
  Use: Scroll            |       |     8 |     6 |     1 ||    15
 Stab: Sleeping          |       |     1 |       |       ||     1
Armor: Skin              |    43 |    19 |    49 |     2 ||   113
Dodge: Dodged            |    75 |    73 |   151 |    15 ||   314

Table legend: (Time is in decaauts)
 A = Elapsed time spent in this place.
 B = Non-inter-level travel time spent in this place.
 C = Inter-level travel time spent in this place.
 D = Time resting spent in this place.
 E = Time spent auto-exploring this place.
 F = Levels seen in this place.
 G = Mean time per level.
                   A        B        C        D        E       F      G
               +--------+--------+--------+--------+--------+-----+--------+
         Total |  10860 |  10486 |    374 |   1170 |   7777 |   9 | 1206.7 |
       Dungeon |  10566 |  10223 |    343 |   1170 |   7529 |   8 | 1320.8 |
        Temple |    293 |    263 |     30 |      0 |    248 |   1 |  293.0 |
               +--------+--------+--------+--------+--------+-----+--------+

Top non-repeatable levels by time:
     D:7: 3160 daAuts
     D:6: 1717 daAuts
     D:1: 1261 daAuts
     D:3: 1150 daAuts
     D:4: 1133 daAuts
     D:5: 1030 daAuts
     D:8: 793 daAuts
     D:2: 319 daAuts
  Temple: 293 daAuts
